 Dungeon Crawl Stone Soup version 0.17.1-3-g152610e (webtiles) character file.

8897 manyhoops the Thaumaturge (level 11, -1/100 HPs)
             Began as a Deep Elf Ice Elementalist on Apr 13, 2016.
             Was a High Priest of Vehumet.
             Slain by a fire elemental (3 damage)
             ... led by Azrael
             ... on level 3 of the Orcish Mines.
             The game lasted 01:10:20 (15643 turns).

manyhoops the Thaumaturge (DEIE)                   Turns: 15643, Time: 01:10:24

Health: -1/100     AC: 25    Str:  5    XL:     11   Next: 15%
Magic:  2/29       EV:  2    Int: 27    God:    Vehumet [*****.]
Gold:   914        SH:  0    Dex: 15    Spells: 7 memorised, 14 levels left

rFire  + . .     SeeInvis .     N - +0 battleaxe of the Gloaming {elec, rElec Int+3}
rCold  + . .     Clarity  .     (armour currently unavailable)
rNeg   + + +     SustAt   +     (shield currently unavailable)
rPois  +         Gourm    .     (helmet currently unavailable)
rElec  +         Spirit   .     (cloak currently unavailable)
rCorr  +         Warding  .     (gloves currently unavailable)
rMut   .         NoTele   +     (boots currently unavailable)
MR     +....                    (no amulet)
Stlth  ++++......               E - ring of sustain attributes
                                v - ring of poison resistance

@: tree-form, resistant, very slightly contaminated, somewhat resistant to
hostile enchantments, stealthy
A: no striking features
a: Renounce Religion


You were on level 3 of the Orcish Mines.
You worshipped Vehumet.
Vehumet was extremely pleased with you.
You were very hungry.
You were a tree.
You visited 3 branches of the dungeon, and saw 14 of its levels.

You collected 1359 gold pieces.
You spent 445 gold pieces at shops.

Inventory:

Hand Weapons
 n - a +2 quarterstaff of chaos
 w - a +1 spear
 N - the +0 battleaxe of the Gloaming (weapon) {elec, rElec Int+3}
   (You found it on level 9 of the Dungeon)

   Occasionally, upon striking a foe, it will discharge some electrical energy
   and cause terrible harm.
   It affects your intelligence (+3).
   It insulates you from electricity.
Armour
 a - a +0 robe
 o - a +0 cloak
 C - a +1 robe of cold resistance (melded)
 T - a +0 hat (melded)
 U - a +1 cloak (melded)
Magical Staves
 D - an uncursed staff of energy
Jewellery
 v - a ring of poison resistance (left branch)
 E - a ring of sustain attributes (right branch)
 K - an uncursed amulet of stasis
Wands
 r - a wand of digging (9)
 F - a wand of polymorph (11)
 L - a wand of digging (10)
Scrolls
 c - a scroll of noise {unknown}
 d - 5 scrolls of teleportation
 g - 2 scrolls of immolation
 h - a scroll of enchant weapon {unknown}
 k - 3 scrolls of fear
 m - 2 scrolls of amnesia
 q - a scroll of magic mapping {unknown}
 s - 3 scrolls of remove curse
 t - 2 scrolls of random uselessness
 y - a scroll of enchant armour {unknown}
 H - a scroll of fog
 I - a scroll of blinking
Potions
 i - a potion of heal wounds {unknown}
 p - a potion of agility {unknown}
 u - a potion of lignification
 A - 3 potions of degeneration {unknown}
 B - 3 potions of brilliance
 G - a potion of berserk rage {unknown}
 J - a potion of might
 M - 2 potions of haste {unknown}
 S - 2 potions of cancellation {unknown}
Books
 b - a book of Frost

   Spells                             Type                      Level
   a - Freeze                         Ice                          1
   b - Throw Frost                    Conjuration/Ice              2
   c - Ozocubu's Armour               Charms/Ice                   3
   d - Throw Icicle                   Conjuration/Ice              4
   e - Summon Ice Beast               Ice/Summoning                4
   f - Condensation Shield            Ice                          4
 x - a book of Dreams

   Spells                             Type                      Level
   a - Ensorcelled Hibernation        Hexes/Ice                    2
   b - Phase Shift                    Translocation                5
   c - Shadow Creatures               Summoning                    5
   d - Silence                        Hexes/Air                    5
   e - Darkness                       Hexes                        6
   f - Mass Confusion                 Hexes                        6
 P - a book of Spatial Translocations

   Spells                             Type                      Level
   a - Apportation                    Translocation                1
   b - Blink                          Translocation                2
   c - Shroud of Golubria             Charms/Translocation         2
   d - Portal Projectile              Translocation                3
   e - Teleport Other                 Translocation                3
   f - Passage of Golubria            Translocation                4
 R - a Necronomicon

   Spells                             Type                      Level
   a - Haunt                          Necromancy/Summoning         7
   b - Borgnjor's Revivification      Necromancy                   8
   c - Death's Door                   Charms/Necromancy            8
   d - Necromutation                  Transmutation/Necromancy     8
Comestibles
 f - 4 meat rations
 l - 8 beef jerkies
 z - 5 bread rations
 Q - 2 slices of pizza


   Skills:
 - Level 7.0 Fighting
 - Level 0.2 Staves
 - Level 2.4 Dodging
 - Level 4.2 Stealth
 + Level 12.2 Spellcasting
 + Level 8.3 Conjurations
 - Level 1.7 Charms
 - Level 0.2 Summonings
 - Level 1.0 Translocations
 + Level 10.3 Ice Magic


You had 14 spell levels left.
You knew the following spells:

 Your Spells              Type           Power        Failure   Level  Hunger
a - Freeze                Ice            ####         1%          1    None
b - Throw Frost           Conj/Ice       ######       1%          2    None
c - Ozocubu's Armour      Chrm/Ice       #####...     1%          3    None
d - Condensation Shield   Ice            ######....   1%          4    None
e - Throw Icicle          Conj/Ice       ######..     1%          4    None
f - Summon Ice Beast      Ice/Summ       #####...     4%          4    None
g - Blink                 Tloc           N/A          3%          2    None


Dungeon Overview and Level Annotations

Branches:
Dungeon (9/15)             Temple (1/1) D:6            Lair (0/8) D:8
    Orc (4/4) D:9             Elf (0/3) Orc:3

Altars:
Ashenzari
Cheibriados
Dithmenos
Elyvilon
Fedhas
Gozag
Kikubaaqudgha
Makhleb
Nemelex Xobeh
Okawaru
Qazlal
Ru
Sif Muna
Trog
Vehumet
Xom
Yredelemnul
Zin
The Shining One

Shops:
D:7 ?   Orc:2 [

Annotations:
D:7 exclusion: ice statue
Orc:4 Azrael; kaze's ghost, journeyman DsBe


Message History

The fire elemental is lightly damaged.
The fire elemental hits you. The fire elemental burns you!
* * * LOW HITPOINT WARNING * * *
Casting: Freeze
Confirm with . or Enter, or press ? or * to list all spells.
Aiming: Freeze
Press: ? - help, Shift-Dir - straight line, f/p - fire elemental
Aim: a fire elemental (lightly damaged)
You freeze the fire elemental.
The fire elemental is frozen!
The fire elemental is lightly damaged.
The fire elemental hits you. The fire elemental burns you!
* * * LOW HITPOINT WARNING * * *
You cannot move.
You feel protected. The fire elemental hits you.
* * * LOW HITPOINT WARNING * * *
The fire elemental burns you! You resist.
* * * LOW HITPOINT WARNING * * *
The fire elemental hits you. The fire elemental burns you! You resist.
You die...

.......#.# ###### ##..##
.......### ###.#..## ##....#
.......# ##.......# ###.....#
......## #.......###
##........ ..#..##
##.......#.# ##.........
..#.##
###..........###..........
.####
#............#........)... ##
##.........E...............
###.........♣#§........[.....
##.........#####h......##.#...
#.........#####........#####..
###.......#.#.....E....#..#...
##......[........§.....##...
####
#.......[........§.........
...#
##.............#..§........
#..###
##).#........###.#§.......
...#.## ####.......##
###.§......


You could see a fire elemental.

Vanquished Creatures
  Pikel (D:7)
  A troll (Orc:4)
  3 two-headed ogres
  The ghost of DEFINITELYNOTMATTIAS the Conjurer, an amateur GrWz (D:5)
  The ghost of manyhoops the Firebug, an amateur DEFE (D:4)
  2 fire elementals
  A warg (Orc:2)
  A hell hound (Orc:3)
  8 orc warriors
  A swamp drake (D:9)
  2 sky beasts (D:6)
  A black bear (D:6)
  A water moccasin (D:6)
  5 ogres
  3 centaurs
  A big kobold (D:7)
  3 giant frogs (D:6)
  2 scorpions
  A wight (D:8)
  10 crimson imps
  Crazy Yiuf (D:2)
  12 orc priests
  17 orc wizards
  3 hounds
  6 worker ants
  An iguana (D:3)
  2 hound skeletons
  13 adders
  3 oozes
  An adder skeleton (D:4)
  4 worms
  6 giant geckos
  89 orcs
  6 goblins (D:1)
  12 hobgoblins
  15 jackals
  4 quokkas
  A ball python (D:1)
  9 bats
  6 giant cockroaches
  2 giant gecko skeletons
  4 giant newts
  5 kobolds
  6 rats
277 creatures vanquished.

Vanquished Creatures (collateral kills)
  Erolcha (Orc:2)
  A manticore (D:8)
  A komodo dragon (D:8)
  2 trolls
  A warg (Orc:2)
  A hippogriff (D:9)
  A water moccasin (D:9)
  4 ogres
  8 orc warriors
  3 ice beasts
  A black bear (D:8)
  A necrophage (D:9)
  A big kobold (D:9)
  5 giant frogs
  2 wights (D:8)
  A scorpion (D:8)
  6 killer bees (D:8)
  A giant frog zombie (D:9)
  2 crimson imps
  A jelly (D:9)
  2 hounds (D:9)
  An iguana (D:9)
  14 orc wizards
  A quasit (D:7)
  A giant frog skeleton (D:7)
  9 orc priests
  3 worker ants
  A worker ant zombie (D:6)
  An adder (D:8)
  A shadow imp (D:8)
  84 orcs
  2 jackals (D:8)
  A kobold (D:9)
  A bat (Orc:2)
  A giant gecko skeleton (D:8)
  2 giant gecko zombies
169 creatures vanquished.

Vanquished Creatures (others)
  A slave (D:7)
  A centaur (D:7)
  A water moccasin skeleton (D:7)
  2 orcs
  A plant (D:8)
6 creatures vanquished.

Grand Total: 452 creatures vanquished

Notes
Turn   | Place    | Note
--------------------------------------------------------------
     0 | D:1      | manyhoops the Deep Elf Ice Elementalist began the quest for the Orb.
     0 | D:1      | Reached XP level 1. HP: 10/10 MP: 6/6
   181 | D:1      | Reached XP level 2. HP: 9/15 MP: 4/8
   187 | D:1      | Learned a level 2 spell: Throw Frost
   440 | D:1      | Reached skill level 4 in Ice Magic
   709 | D:1      | Reached XP level 3. HP: 19/19 MP: 6/9
  1157 | D:2      | Learned a level 3 spell: Ozocubu's Armour
  1378 | D:2      | Noticed Crazy Yiuf
  1513 | D:2      | Reached XP level 4. HP: 15/24 MP: 2/12
  1668 | D:2      | Learned a level 4 spell: Condensation Shield
  1828 | D:2      | Killed Crazy Yiuf
  2082 | D:3      | Found a blossoming altar of Fedhas.
  2109 | D:3      | Reached skill level 5 in Ice Magic
  2255 | D:3      | Found an iron altar of Okawaru.
  2256 | D:3      | Found an opulent altar of Gozag.
  2295 | D:3      | Reached XP level 5. HP: 28/28 MP: 2/14
  2479 | D:3      | Reached skill level 5 in Spellcasting
  2913 | D:4      | Learned a level 4 spell: Throw Icicle
  2935 | D:4      | Noticed manyhoops's ghost (amateur DEFE)
  2954 | D:3      | Reached XP level 6. HP: 24/32 MP: 9/16
  3129 | D:4      | Noticed an ogre
  3154 | D:4      | Killed an ogre
  3406 | D:4      | Reached skill level 5 in Conjurations
  3406 | D:4      | Reached skill level 1 in Charms
  3408 | D:4      | Reached XP level 7. HP: 34/36 MP: 2/17
  4060 | D:4      | Killed manyhoops's ghost
  4060 | D:4      | Reached skill level 6 in Conjurations
  4141 | D:4      | Found a shimmering altar of Xom.
  4301 | D:5      | Entered Level 5 of the Dungeon
  4508 | D:5      | Noticed DEFINITELYNOTMATTIAS's ghost (amateur GrWz)
  4533 | D:5      | Found a shattered altar of Ashenzari.
  4537 | D:5      | Reached XP level 8. HP: 41/41 MP: 10/19
  4543 | D:5      | Learned a level 4 spell: Summon Ice Beast
  4746 | D:5      | Killed DEFINITELYNOTMATTIAS's ghost
  4746 | D:5      | Reached skill level 7 in Conjurations
  4973 | D:5      | Found a glowing golden altar of the Shining One.
  4975 | D:5      | Found a burning altar of Makhleb.
  5543 | D:6      | Found a staircase to the Ecumenical Temple.
  5586 | Temple   | Entered the Ecumenical Temple
  5638 | Temple   | Became a worshipper of Vehumet
  5808 | D:6      | Reached skill level 8 in Spellcasting
  6235 | D:6      | Reached XP level 9. HP: 45/45 MP: 16/23
  6290 | D:6      | Reached skill level 9 in Spellcasting
  6321 | D:7      | Found Lutwutuann's Magic Scroll Shop.
  6323 | D:7      | Bought a scroll of blinking for 97 gold pieces
  6323 | D:7      | Bought a scroll of blinking for 97 gold pieces
  6323 | D:7      | Bought a scroll of teleportation for 39 gold pieces
  6323 | D:7      | Bought a scroll of identify for 26 gold pieces
  6688 | D:7      | Noticed Pikel
  6699 | D:7      | Killed Pikel
  6824 | D:7      | Noticed an ice statue
  6864 | D:6      | Reached skill level 10 in Spellcasting
  7252 | D:7      | Found a sparkling altar of Nemelex Xobeh.
  7462 | D:8      | Noticed a manticore
  7473 | D:8      | Reached * piety under Vehumet
  7473 | D:8      | Offered knowledge of Sting by Vehumet.
  7487 | D:8      | Killed a manticore
  7777 | D:8      | Found a staircase to the Lair.
  7778 | D:8      | Noticed a komodo dragon
  7800 | D:8      | Killed a komodo dragon
  7899 | D:8      | Reached skill level 11 in Spellcasting
  8185 | D:8      | Found a glowing golden altar of the Shining One.
  8241 | D:8      | Reached XP level 10. HP: 40/50 MP: 5/27
  8248 | D:8      | Offered knowledge of Sandblast by Vehumet.
  8702 | D:8      | Reached ** piety under Vehumet
  8981 | D:9      | Got a steaming battleaxe
  8982 | D:9      | Identified the cursed +0 battleaxe of the Gloaming {elec, rElec Int+3} (You found it on level 9 of the Dungeon)
  9041 | D:9      | Learned a level 2 spell: Blink
  9085 | D:9      | Reached skill level 1 in Fighting
  9816 | D:9      | Offered knowledge of Ignite Poison by Vehumet.
 10093 | D:9      | Reached *** piety under Vehumet
 10160 | D:9      | Offered knowledge of Dazzling Spray by Vehumet.
 10169 | D:9      | Found a staircase to the Orcish Mines.
 10246 | Orc:1    | Entered Level 1 of the Orcish Mines
 10406 | Orc:1    | Reached skill level 1 in Translocations
 10868 | Orc:2    | Reached **** piety under Vehumet
 10997 | Orc:2    | Offered knowledge of Force Lance by Vehumet.
 11299 | Orc:2    | Found Beomeris's Armour Emporium.
 11335 | Orc:2    | Bought a +0 hat for 48 gold pieces
 11335 | Orc:2    | Bought a +1 cloak for 138 gold pieces
 11372 | Orc:2    | Noticed Erolcha
 11384 | Orc:2    | Killed Erolcha
 11406 | Orc:2    | Reached ***** piety under Vehumet
 11406 | Orc:2    | Reached skill level 5 in Fighting
 11424 | Orc:1    | Offered knowledge of Fireball by Vehumet.
 11746 | Orc:2    | HP: 1/59 [orc warrior/glaive (17)]
 13149 | Orc:4    | Entered Level 4 of the Orcish Mines
 13284 | Orc:4    | Noticed kaze's ghost (journeyman DsBe)
 13389 | Orc:3    | Found a staircase to the Elven Halls.
 14540 | Orc:4    | Offered knowledge of Lightning Bolt by Vehumet.
 14692 | Orc:4    | Reached XP level 11. HP: 67/67 MP: 17/28
 14971 | Orc:4    | Reached skill level 10 in Ice Magic
 15115 | Orc:4    | Reached skill level 12 in Spellcasting
 15202 | Orc:4    | Noticed Azrael
 15642 | Orc:3    | HP: 5/100 [fire elemental[Azrael] (8)]
 15643 | Orc:3    | HP: 2/100 [fire elemental[Azrael] (2)]
 15643 | Orc:3    | Slain by a fire elemental

Action                   |  1- 3 |  4- 6 |  7- 9 | 10-12 || total
-------------------------+-------+-------+-------+-------++-------
Melee: Unarmed           |    44 |       |       |       ||    44
       Quarterstaff      |       |    37 |       |       ||    37
       Staff             |       |       |   126 |     1 ||   127
       Battleaxe         |       |       |       |    30 ||    30
Throw: Throwing net      |       |     1 |       |       ||     1
 Cast: Freeze            |    38 |    38 |    53 |    81 ||   210
       Throw Frost       |    28 |    35 |    66 |   113 ||   242
       Ozocubu's Armour  |       |     3 |    19 |    35 ||    57
       Condensation Shie |       |     1 |     7 |    29 ||    37
       Throw Icicle      |       |       |    36 |    45 ||    81
       Summon Ice Beast  |       |       |    35 |   129 ||   164
       Blink             |       |       |       |     4 ||     4
  Use: Scroll            |       |     5 |     4 |     6 ||    15
       Potion            |       |       |     1 |     5 ||     6
 Stab: Sleeping          |     1 |     2 |     1 |       ||     4
       Distracted        |       |       |     1 |     1 ||     2
  Eat: Chunk             |     3 |     3 |     4 |    20 ||    30
       Bread ration      |       |     1 |     1 |       ||     2
       Meat ration       |       |       |     1 |       ||     1
       Pizza             |       |       |       |     1 ||     1
